 Dungeon Crawl Stone Soup version 0.23-a0-625-g1d2cd9b (webtiles) character file.

70 Lanoc the Firebug (level 4, 0/24 HPs)
             Began as a Deep Elf Fire Elementalist on Dec 24, 2018.
             Succumbed to an adder's poison
             ... on level 2 of the Dungeon.
             The game lasted 00:04:16 (1121 turns).

Lanoc the Firebug (Deep Elf Fire Elementalist)      Turns: 1121, Time: 00:04:16

Health: 0/24       AC:  2    Str:  5    XL:     4   Next: 4%
Magic:  0/11       EV: 13    Int: 21    God:
Gold:   35         SH:  0    Dex: 15    Spells: 9/10 levels left

rFire    + . .     SeeInvis .   (no weapon)
rCold    x . .     Gourm    .   (no shield)
rNeg     . . .     Faith    .   a - +0 robe
rPois    .         Spirit   .   (no helmet)
rElec    .         Reflect  .   (no cloak)
rCorr    .         Harm     .   (no gloves)
MR       .....                  (no boots)
Stlth    ++........             (no amulet)
HPRegen  0.08/turn              f - ring of fire
MPRegen  0.12/turn              (no ring)

@: lethally poisoned (0 -> -6)
A: no striking features
a: no special abilities


You were on level 2 of the Dungeon.
You were hungry.

You visited 1 branch of the dungeon, and saw 2 of its levels.

You collected 35 gold pieces.

Inventory:

Armour
 a - a +0 robe (worn)
Jewellery
 e - an uncursed amulet of faith {unknown}
 f - a ring of fire (left hand)
Comestibles
 b - 2 chunks of flesh
 c - 2 rations


   Skills:
 - Level 2.4 Dodging
 - Level 2.4 Stealth
 + Level 3.8 Spellcasting
 * Level 2.7 Conjurations
 * Level 4.2 Fire Magic


You had 9 spell levels left.
You knew the following spells:

 Your Spells              Type           Power        Failure   Level  Hunger
a - Flame Tongue          Conj/Fire      ####.        3%          1    None

Your spell library contained the following spells:

 Spells                   Type           Power        Failure   Level  Hunger
 Throw Flame              Conj/Fire      ####..       4%          2    #......
 Conjure Flame            Conj/Fire      ####....     9%          3    ###....
 Inner Flame              Hex/Fire       ###.....     16%         3    ###....
 Sticky Flame             Conj/Fire      ####....     28%         4    ####...
 Fireball                 Conj/Fire      ####......   63%         5    ######.


Dungeon Overview and Level Annotations

Branches:
Dungeon (2/15)

Altars:
Qazlal


Message History

* * * LOW HITPOINT WARNING * * *
You feel sick.
* * * LOW HITPOINT WARNING * * *
You feel sick.
A frilled lizard comes into view.
* * * LOW HITPOINT WARNING * * *
You feel sick.
Found 15 bolts and a scroll of remove curse.
A hobgoblin and a kobold come into view.
* * * LOW HITPOINT WARNING * * *
You feel sick.
Found an escape hatch in the floor.
Casting: Flame Tongue (safe; 3% risk of failure)
Confirm with . or Enter, or press ? or * to list all spells.
Aiming: Flame Tongue (safe; 3% risk of failure)
Press: ? - help, Shift-Dir - straight line, f - hobgoblin
Aim: a hobgoblin, wielding a +0 club You feel a surge of power!
The flame tongue hits the hobgoblin.
You kill the hobgoblin!
You die...

.....[##..#.# .#....###.#.#
#.##.## .#....# #.#.# #.....##>
.##...# #.#.# #.......
.####.###.#.# #g....#
..........#.## #.....###
#........÷...# #....l...
###.......##.# #.$.(....
####....##.# #@....... #
####g##.# #).....K. .
###...##)###.###.... .
##.....##..##.# ###
.###......###.##.### #####
..##..###.#........# #...#
S.#...# #.#.##.#.#.#####.#.#
.)#...##..#.##.......†...#.####
..........#.(....#.#######....###


You could see a hobgoblin, a kobold (sleeping) and a frilled lizard (sleeping).

Vanquished Creatures
  An adder (D:2)
  An ooze (D:2)
  2 worms (D:2)
  3 dart slugs
  A leopard gecko (D:1)
  2 ball pythons (D:1)
  4 giant cockroaches
  7 goblins
  4 hobgoblins
  4 jackals
  3 kobolds (D:2)
  A quokka (D:2)
  2 bats (D:1)
  3 frilled lizards
  4 rats
42 creatures vanquished.

Notes
Turn   | Place    | Note
-------+----------+-------------------------------------------
     0 | D:1      | Lanoc the Deep Elf Fire Elementalist began the quest for
                  | the Orb.
     0 | D:1      | Reached XP level 1. HP: 10/10 MP: 6/6
   119 | D:1      | Reached XP level 2. HP: 15/15 MP: 0/8
   586 | D:1      | Reached XP level 3. HP: 19/19 MP: 0/9
   794 | D:2      | Found a stormy altar of Qazlal.
   837 | D:2      | Reached skill level 4 in Fire Magic
  1114 | D:2      | Reached XP level 4. HP: 4/24 MP: 0/11
  1119 | D:2      | HP: 1/24 [poisoned by an adder]
  1121 | D:2      | Succumbed to an adder's poison

Vault maps used:
D:1:      ebering_hopf_link, minmay_misc_feat_rows
D:2:      minmay_recursive_quarters, grunt_qazlal_sundering, glass_columns_a

Skill      XL: |  1  2  3 |
---------------+----------+-----
Conjurations   | 2 |  2.7
Fire Magic     | 4 |  4.2
Dodging        | |  2.4
Stealth        | |  2.4
Spellcasting   | |  3.8

Action                   |  1- 3 |  4- 6 || total
-------------------------+-------+-------++-------
Melee: Unarmed           |    30 |       ||    30
 Cast: Flame Tongue      |    71 |     2 ||    73
  Use: Scroll            |     1 |       ||     1
Armor: Robe              |     8 |       ||     8
Dodge: Dodged            |    46 |       ||    46

Table legend:
 A = Non-vault XP
 B = Vault XP
 C = Vault XP percentage of total XP
 D = Non-vault monster count
 E = Vault monster count
 F = Vault count percentage of total count
                 A         B        C        D         E       F
            +---------+---------+-------+---------+---------+-------
      Total |      72 |      29 |  28.7 |      33 |       9 |  21.4
            +---------+---------+-------+---------+---------+-------
        D:1 |      43 |       0 |   0.0 |      23 |       0 |   0.0
        D:2 |      29 |      29 |  50.0 |      10 |       9 |  47.4
            +---------+---------+-------+---------+---------+-------
